AoeStats
← monk

Arena

510495903Analyzed
1v1 RM · 1d ago on Oct 1, 2026· 54m 9s· 2 players
Game mode
Random Map
Map size
Tiny (2 player)
Population
200
Speed
Normal
Resources
Standard
Victory
Conquest
Starting age
Dark Age
Ending age
Imperial Age
RankedLock teamsTeams togetherTeam positionsShared explorationLock speedFull tech treeHidden civsTurbo modeCheats
Victory
Defeat
🇺🇸 Mongols · United States
1110
+17
🇪🇸 Bohemians · Spain
1126
-17
cogielj
9:38 Feudal Age
14:05 Castle Age
12:33 Double-Bit Axe
12:36 Horse Collar
17:08 Loom
17:37 Fletching
20:25 Devotion
22:49 Bodkin Arrow
23:40 Gold Mining
23:42 Stone Mining
26:11 Ballistics
31:39 Imperial Age
29:50 Bow Saw
30:49 Padded Archer Armor
30:53 Husbandry
32:01 Wheelbarrow
32:04 Heavy Plow
34:11 Drill
35:24 Bloodlines
34:37 Light Cavalry
37:37 Siege Engineers
38:07 Heavy Scorpion
40:58 Conscription
42:24 Chemistry
41:37 Masonry
42:52 Capped Ram
44:03 Parthian Tactics
43:50 Thumb Ring
46:48 Siege Ram
54:01 Gold Shaft Mining
54:02 Stone Shaft Mining
52:58 Heavy Cavalry Archer
monk
12:02 Feudal Age
15:49 Castle Age
13:38 Double-Bit Axe
13:56 Horse Collar
16:59 Bow Saw
17:23 Fervor
20:54 Wheelbarrow
29:13 Imperial Age
27:03 Hand Cart
27:25 Loom
27:26 Town Watch
28:54 Chemistry
28:35 Masonry
28:38 Fortified Wall
29:18 Fletching
29:29 Padded Archer Armor
29:45 Heavy Plow
29:27 Elite Skirmisher
30:59 Bodkin Arrow
31:20 Leather Archer Armor
31:41 Ballistics
31:25 Pikeman
32:06 Squires
33:28 Architecture
33:25 Bracer
35:45 Ring Archer Armor
36:34 Scale Mail Armor
35:58 Halberdier
37:55 Chain Mail Armor
40:06 Two-Man Saw
40:02 Conscription
41:17 Plate Mail Armor
41:13 Houfnice
42:14 Forging
43:39 Iron Casting
43:30 Wagenburg Tactics
43:46 Siege Engineers
Connection lost

Rejoining the realm…

Still unreachable

The connection could not be restored.

Session expired

The server has moved on; the page needs a fresh start.